 Dungeon Crawl Stone Soup version 0.28.0 (webtiles) character file.

Game seed: 9983528378139654777

51 Descartes the Grasshopper (level 4, -2/33 HPs)
             Began as a Formicid Warper on Feb 4, 2022.
             Shot with an arrow by a centaur (5 damage)
             ... on level 5 of the Dungeon.
             The game lasted 00:03:01 (1724 turns).

Descartes the Grasshopper (Formicid Warper)         Turns: 1724, Time: 00:03:03

Health: -2/33      AC:  7    Str: 15    XL:     4   Next: 5%
Magic:  7/7        EV: 18    Int: 13    God:
Gold:   62         SH:  0    Dex: 12    Spells: 7/7 levels left

rFire   + + .      SeeInvis .   (weapon currently unavailable)
rCold   + + .      Faith    .   (shield currently unavailable)
rNeg    + + +      Spirit   .   (armour currently unavailable)
rPois   ∞          Reflect  .   (helmet unavailable)
rElec   +          Harm     .   (cloak currently unavailable)
rCorr   +          Rampage  .   (gloves currently unavailable)
Will    .....                   (boots currently unavailable)
Stlth   +.........              (amulet currently unavailable)
HPRegen 0.11/turn               (ring currently unavailable)
MPRegen 0.10/turn               (ring currently unavailable)

@: wisp-form, flying
A: insubstantial, flying, no casting, permanent stasis, dig shafts and tunnels,
tiny, (antennae 3), four strong arms
a: no special abilities


You were on level 5 of the Dungeon.
You were an insubstantial wisp.
You visited 1 branch of the dungeon, and saw 4 of its levels.

You collected 62 gold pieces.

Inventory:

Hand Weapons
 f - a +1 whip of draining (melded)
 h - a +4 short sword
Missiles
 a - 46 stones
 c - 5 boomerangs of dispersal (quivered)
 g - a throwing net
Armour
 b - a +0 leather armour
 e - a +0 ring mail (melded)
Scrolls
 d - a scroll of enchant weapon {unknown}
 i - a scroll of vulnerability {unknown}
 j - a scroll of immolation {unknown}
 l - a scroll of silence {unknown}
Potions
 k - a potion of haste {unknown}


   Skills:
 - Level 2.1 Fighting
 - Level 2.0 Axes
 + Level 0.6(1.4) Maces & Flails
 - Level 1.0 Throwing
 + Level 2.4 Armour
 - Level 1.7 Dodging
 - Level 2.1 Spellcasting
 + Level 3.6 Translocations


You had 7 spell levels left.
You didn't know any spells.
Your spell library contained the following spells:

 Spells                   Type           Power      Damage    Failure   Level
 Gell's Gravitas          Tloc           10%        N/A       17%         3
 Lesser Beckoning         Tloc           10%        N/A       17%         3
 Teleport Other           Tloc           10%        N/A       17%         3
 Shock                    Conj/Air       4%         1d3       26%         1
 Manifold Assault         Tloc           10%        N/A       85%         5
 Airstrike                Air            0%         N/A       94%         4
 Blink                    Tloc           Unusable   N/A       N/A         2
 Swiftness                Air            Unusable   N/A       N/A         3

Dungeon Overview and Level Annotations

Branches:
Dungeon (2/15)

Altars:
Yredelemnul

Annotations:
D:5 Ijyb


Innate Abilities, Weirdness & Mutations

You are an insubstantial wisp.
Your tiny insubstantial body is highly resistant to most damage types.
You are flying.
Your equipment is entirely melded.
You are incapable of wielding weapons or throwing items.
You cannot cast spells.
You cannot be hasted, slowed, berserked, paralysed or teleported.
You can dig through walls and to a lower floor.
((You have a pair of large antennae on your head. (SInv)))
Your four strong arms can wield two-handed weapons with a shield.


Message History

The ball python bites you but does no damage.
The ball python constricts you. The gnoll closely misses you.
The ball python bites you but does no damage.
The ball python constricts you.
The endoplasm hits you but does no damage.
You begin to dig a shaft.
You continue digging a shaft.
The gnoll barely misses you.
The ball python bites you but does no damage.
The ball python constricts you.
The endoplasm hits you but does no damage.
A shaft appears beneath you!
You fall into a shaft and drop 2 floors!
The shaft crumbles and collapses.
The ball python loses its grip on you.
Ijyb shouts!
The gnoll shouts!
You hear a shout!
You hear an angry hiss.
You see here 12 gold pieces.
Found a stone staircase leading down.
A centaur comes into view.
Found a stone staircase leading up.
The centaur shouts!
You hear a shout! x2
The centaur moves out of view.
A gnoll comes into view. It is wielding a +0 whip.
Ijyb zaps a wand.
You turn into an insubstantial wisp.
Your +1 whip of draining melds into your body.
Your +0 ring mail melds into your body.
The centaur closely misses you.
The centaur kicks you but does no damage.
The centaur closely misses you. x2 3 orcs come into view.
An orc is wielding a +0 falchion and quivering boomerangs of dispersal.
The orc shouts!
You hear a shout!
The centaur misses you. The centaur completely misses you.
An orc comes into view. It is wielding a +0 club.
You hear a shout!
An orc priest comes into view. It is wielding a +0 short sword.
The centaur wields a +0 shortbow.
The centaur shoots an arrow.
The arrow hits you!
* * * LOW HITPOINT WARNING * * *
An orc comes into view. It is wielding a +0 club.
The centaur shoots an arrow.
The arrow hits you.
You die...

...#......
......... .
......... ......
.<..o...o. .......
##...o.o...
.......##..........
##........oo.......
..........v# .....
...........##......
......g.##c........
..............###..
..#...$..g....#
...............#
...#....g.......#
.. ##..g..........
##.........>###


You could see Ijyb, a centaur, an orc priest, 3 gnolls and 5 orcs.

Vanquished Creatures
  An adder (D:2)
  A worm (D:2)
  An endoplasm (D:1)
  4 giant cockroaches
  3 goblins (D:1)
  3 hobgoblins (D:1)
  4 jackals (D:2)
  6 kobolds
  A quokka (D:1)
  2 ball pythons (D:1)
  3 bats (D:1)
  3 frilled lizards
  3 rats (D:1)
35 creatures vanquished.

Notes
Turn   | Place    | Note
-------+----------+-------------------------------------------
     0 | D:1      | Descartes the Formicid Warper began the quest for the Orb.
     0 | D:1      | Reached XP level 1. HP: 16/16 MP: 3/3
   164 | D:1      | Reached skill level 3 in Translocations
   166 | D:1      | Reached XP level 2. HP: 8/22 MP: 5/5
   776 | D:1      | Reached XP level 3. HP: 25/27 MP: 6/6
  1198 | D:2      | Found a basalt altar of Yredelemnul.
  1491 | D:2      | Reached XP level 4. HP: 13/33 MP: 7/7
  1682 | D:2      | You fall into a shaft and drop 1 floor!
  1718 | D:3      | You fall into a shaft and drop 2 floors!
  1718 | D:5      | Entered Level 5 of the Dungeon
  1718 | D:5      | Noticed Ijyb
  1720 | D:5      | Noticed a centaur
  1724 | D:5      | Shot with an arrow by a centaur

Illustrated notes

Levels and vault maps discovered:
D:1:      erik_arrival_blinker_ship, layout_basic
D:2:      layout_basic, basic_altar, ebering_ecumenical_altar_webs,
          grunt_decor_fettered
D:3:      layout_loops_ring, columned_hall_lemuel
D:5:      layout_cave_pools, grunt_qazlal_clouds,
          minmay_temple_entry_stoned_glass, serial_shops, shop,
          nicolae_shop_self_help, uniq_edmund, uniq_ijyb

Skill      XL: |  1  2  3 |
---------------+----------+-----
Translocations | 3 |  3.6
Armour         | 2 |  2.4
Fighting       | |  2.1
Axes           | |  2.0
Maces & Flails | |  0.6
Throwing       | |  1.0
Dodging        | |  1.7
Spellcasting   | |  2.1

Action                   |  1- 3 |  4- 6 || total
-------------------------+-------+-------++-------
Melee: Hand axe          |    44 |       ||    44
       Whip              |    56 |     1 ||    57
       Punch             |     1 |       ||     1
 Abil: Shaft Self        |       |     2 ||     2
Armor: Leather armour    |     8 |       ||     8
       Ring mail         |    20 |    12 ||    32
       Skin              |       |     1 ||     1
Dodge: Dodged            |    62 |    17 ||    79
